 Dungeon Crawl Stone Soup version 0.31-a0-1074-g0b22e4e0f1 (webtiles) character file.

Game seed: 3921249426259403699

121 horus123 the Conjurer (level 4, -2/33 HPs)
             Began as a Draconian Hedge Wizard on Dec 1, 2023.
             Succumbed to an orc priest's poison
             ... on level 3 of the Dungeon.
             The game lasted 00:03:39 (2250 turns).

horus123 the Conjurer (Draconian Hedge Wizard)      Turns: 2250, Time: 00:03:40

Health: -2/33      AC:  5    Str: 12    XL:     4   Next: 76%
Magic:  3/9        EV: 12    Int: 16    God:
Gold:   100        SH:  0    Dex: 17    Spells: 2/10 levels left

rFire   . . .        e - +3 dagger (venom)
rCold   + . .        (no shield)
rNeg    . . .        (body armour unavailable)
rPois   .            b - +0 hat
rElec   .            (no cloak)
rCorr   .            (no gloves)
SInv    .            (no boots)
Will    .....        (no amulet)
Stlth   ++           g - +6 ring of dexterity
HPRegen 0.25/turn    p - ring of protection from cold
MPRegen 0.11/turn

%: no passive effects
@: lethally poisoned (-2 -> -13)
A: AC +5, unfitting armour, cold-blooded
a: no special abilities


You were on level 3 of the Dungeon.
You visited 1 branch of the dungeon, and saw 3 of its levels.

You collected 100 gold pieces.

Inventory:

Hand Weapons
 e - a +3 dagger of venom (weapon)
Missiles
 a - 3 silver javelins
Armour
 b - a +0 hat (worn)
Jewellery
 g - a +6 ring of dexterity (left hand)
 p - a ring of protection from cold (right hand)
Scrolls
 f - a scroll of vulnerability {unknown}
 h - a scroll of noise {unknown}
 i - 3 scrolls of identify {unknown}
 l - a scroll of enchant weapon {unknown}
 n - a scroll of fog {unknown}
 q - a scroll of fear {unknown}
 r - a scroll of immolation {unknown}
Potions
 c - a potion of magic
 d - a potion of curing {unknown}
 j - a potion of lignification {unknown}
 k - a potion of haste {unknown}
 m - 2 potions of might {unknown}
 o - a potion of attraction {unknown}


   Skills:
 - Level 1.7 Dodging
 - Level 1.7 Stealth
 + Level 3.6 Spellcasting
 - Level 4.1 Conjurations
 - Level 1.0 Summonings
 - Level 1.0 Translocations


You had 2 spell levels left.
You knew the following spells:

 Your Spells              Type           Power      Damage    Failure   Level
a - Magic Dart            Conj           64%        1d6       3%          1
b - Cigotuvi's Dreadful   Necr/Pois/Air  4%         N/A       26%         2
c - Call Imp              Summ           12%        N/A       17%         2
d - Mephitic Cloud        Conj/Pois/Air  7%         N/A       30%         3

Your spell library contained the following spells:

 Spells                   Type           Power      Damage    Failure   Level
 Blink                    Tloc           12%        N/A       17%         2
 Slow                     Hex            8%         N/A       19%         1


Dungeon Overview and Level Annotations

Branches:
Dungeon (3/15)

Altars:


Innate Abilities, Weirdness & Mutations

Your plain brown scales are hard. (AC +5)
You cannot fit into any form of body armour.
You are cold-blooded and may be slowed by cold attacks.


Message History

An orc comes into view. It is wielding a +0 hand axe.
The orc closely misses you.
The orc priest shouts!
The orc shouts!
You hit the orc.
The orc is poisoned.
The orc is severely wounded.
The orc hits you with a +0 mace.
You barely miss the orc.
You tail-slap the orc, but do no damage.
The orc is heavily wounded.
A gnoll comes into view.
It is wielding a +2 halberd of freezing.
The orc hits you with a +0 mace.
The magic dart hits the orc.
You kill the orc!
The magic dart hits the orc priest.
The orc priest is lightly wounded.
An orc comes into view. It is wielding a +0 mace.
The orc priest hits you with a +2 whip of venom.
You are poisoned.
You hit the orc priest.
The orc priest is poisoned.
The orc priest is moderately wounded.
You feel very sick.
A gnoll comes into view. It is wielding a +0 whip.
The orc priest hits you but does no damage.
You feel sick.
You feel sick.
You feel sick.
You feel sick.
You feel sick.
You feel sick.
The orc priest attacks as it pursues you!
The orc priest misses you.
You hit the orc priest.
The orc priest looks even sicker.
The orc priest is severely wounded.
You feel sick.
The orc priest hits you with a +2 whip of venom.
* * * LOW HITPOINT WARNING * * *
You are more poisoned.
You closely miss the orc priest.
The orc priest is severely wounded.
You die...

.........##.##
#........#.#.##.#
#........#.#.##.####
#....#..............
...........#........
#....#######........
..........#....####
#######.g.##.#....#
#g...)o..o.o@..####
#.#####...##.###
#...##.#
#...##.#######
#...#........#
#####........#
#........#
##.####### #.#


You could see an orc priest (very poisoned), a gnoll and 2 orcs.

Vanquished Creatures
  An orc priest (D:3)
  4 adders
  2 worms (D:2)
  A dart slug (D:2)
  An orc (D:3)
  5 ball pythons
  4 endoplasms
  2 giant cockroaches
  4 goblins (D:1)
  5 hobgoblins
  5 jackals (D:1)
  3 kobolds
  2 quokkas (D:1)
  4 bats
  A frilled lizard (D:3)
  A rat (D:1)
45 creatures vanquished.

Notes
Turn   | Place    | Note
-------+----------+-------------------------------------------
     0 | D:1      | horus123 the Draconian Hedge Wizard began the quest for the
                  | Orb.
     0 | D:1      | Reached XP level 1. HP: 14/14 MP: 4/4
   189 | D:1      | Reached skill level 2 in Conjurations
   231 | D:1      | Reached XP level 2. HP: 20/20 MP: 3/6
   719 | D:1      | Learned a level 2 spell: Cigotuvi's Dreadful Rot
   722 | D:1      | Learned a level 2 spell: Call Imp
   865 | D:1      | Reached skill level 3 in Conjurations
   948 | D:2      | Reached XP level 3. HP: 24/26 MP: 4/7
  1591 | D:2      | Learned a level 3 spell: Mephitic Cloud
  1742 | D:2      | Reached skill level 4 in Conjurations
  1742 | D:2      | Reached XP level 4. HP: 33/33 MP: 4/8
  2249 | D:3      | HP: 1/33 [orc priest/+2 whip of venom (3)]
  2250 | D:3      | Succumbed to an orc priest's poison

Illustrated notes

Levels and vault maps discovered:
D:1:      pf_arrival_petrified_forest, layout_basic, minmay_tromino_v7
D:2:      layout_loops_ring
D:3:      layout_basic

Skill      XL: |  1  2  3 |
---------------+----------+-----
Conjurations   | 2 3 4 |  4.1
Dodging        | |  1.7
Stealth        | |  1.7
Spellcasting   | |  3.6
Summonings     | |  1.0
Translocations | |  1.0

Action                     |  1- 3 |  4- 6 || total
---------------------------+-------+-------++-------
  Melee: Dagger            |    31 |     9 ||    40
         Hand axe          |     6 |       ||     6
         Tailslap          |     3 |     2 ||     5
         Punch             |       |     1 ||     1
   Cast: Magic Dart        |    83 |    27 ||   110
 Armour: Skin              |    30 |     7 ||    37
  Dodge: Dodged            |    32 |     3 ||    35

Table legend: (Time is in decaauts)
 A = Elapsed time spent in this place.
 B = Non-inter-level travel time spent in this place.
 C = Inter-level travel time spent in this place.
 D = Time resting spent in this place.
 E = Time spent auto-exploring this place.
 F = Levels seen in this place.
 G = Mean time per level.
                   A        B        C        D        E       F      G
               +--------+--------+--------+--------+--------+-----+--------+
         Total |   2249 |   2179 |     70 |      0 |   1851 |   3 |  749.7 |
       Dungeon |   2249 |   2179 |     70 |      0 |   1851 |   3 |  749.7 |
               +--------+--------+--------+--------+--------+-----+--------+

Top non-repeatable levels by time:
     D:2: 1062 daAuts
     D:1: 937 daAuts
     D:3: 249 daAuts
